[Event "Saint Louis Norm Congress-GM 2022"]
[Site "Saint Louis"]
[Date "2022.05.21"]
[Round "4.2"]
[White "Ruiz Castillo, Joshua Daniel"]
[Black "Schitco, Ivan"]
[Result "0-1"]
[ECO "E92"]
[WhiteElo "2473"]
[BlackElo "2484"]
[Annotator "TA"]
[PlyCount "132"]
[EventDate "2022.05.20"]
[EventType "tourn"]
[EventCountry "USA"]
[SourceTitle "playchess.com"]
[Source "ChessBase"]
[SourceQuality "1"]
[TimeControl "5400+30"]

1. Nf3 Nf6 2. c4 g6 3. Nc3 Bg7 4. e4 d6 5. d4 O-O 6. Be2 e5 7. d5 a5 8. Be3 Ng4 9. Bg5 f6 10. Bh4 Nh6 11. O-O {[%emt 0:03:12] E92: King's Indian: Classical: 6 Be2 e5: 7 dxe5, 7 Be3 and Petrosian System without 7...Nbd7.} Nd7 12. Ne1 g5 13. Bg3 {[%emt 0:00:02] The position is equal.} f5 {[%emt 0:00:56] [#]} 14. exf5 $146 ({Predecessor:} 14. f3 Nf6 15. exf5 Bxf5 16. Bd3 Qe8 17. c5 Qg6 18. Nb5 e4 19. Bc4 Nh5 20. Bf2 g4 21. fxe4 Bxe4 22. cxd6 cxd6 {0-1 (22) Tahaoglu,U-Koch,H (2365) ICCF email 2011}) 14... Nxf5 15. Ne4 b6 16. Nf3 h6 17. Nfd2 Qe7 18. Nc3 Nf6 19. Nde4 Nd4 20. Nxf6+ Qxf6 21. Bg4 (21. Bh5 $142) 21... Bf5 22. Rc1 e4 23. Re1 Rae8 24. Bxf5 Nxf5 25. Nxe4 Qxb2 26. Re2 Qa3 27. Qd2 $1 Nd4 28. Re3 Qb4 29. Qd3 Qb2 30. Rce1 {[%emt 0:00:09][%cal Oe4f6] Hoping for Nf6+!} Qc2 31. Qxc2 Nxc2 32. Nf6+ $1 Bxf6 33. Rxe8 {[%emt 0:00:01] R1e6 is the strong threat.} Nxe1 34. Rxe1 $11 {[%emt 0:00:01][%mdl 4096] Endgame KRB-KRB} a4 35. Kf1 a3 36. f3 Ra8 37. Rc1 Kf7 38. Ke2 h5 39. h3 Bd4 40. Kd3 Bc5 41. Be1 g4 42. fxg4 hxg4 43. h4 Kg6 44. Bg3 Ra4 45. Rb1 Kh5 46. Kc3 Ra8 $1 47. Rf1 b5 48. Rf5+ Kg6 49. Rg5+ Kh7 50. Rh5+ (50. Rxg4 b4+ 51. Kb3 Re8 $17) 50... Kg6 51. Rg5+ Kf6 $2 ({Black should try} 51... Kh7 $11) 52. Rxg4 b4+ 53. Kb3 $1 Re8 {[%emt 0:00:02] [#] White must now prevent ...Re3+.} 54. Rf4+ $2 (54. Bf2 $1 $18 ) 54... Kg6 $15 55. Rf3 {[%emt 0:00:50][%mdl 8192] White does not recover from this.} (55. Bf2 $15) 55... Re2 $19 {[%emt 0:00:14] Black is clearly winning.} 56. Bf4 Rb2+ {[%emt 0:00:31][%mdl 64] Deflection} 57. Ka4 Rxa2 58. g4 Rg2 {[%emt 0:00:56] Threatens to win with ...a2.} 59. h5+ Kh7 {[%emt 0:00:12] And now ...a2 would win.} 60. Bg5 a2 61. Bf6 Rg1 62. Kb3 a1=Q 63. Bxa1 Rxa1 64. Rf7+ Kg8 65. Rxc7 Ra3+ 66. Kb2 Rg3 {[%emt 0:00:04] Weighted Error Value: White=0.37/Black=0.15 (very precise)} (66... Bd4+ $142 67. Kc1 b3) 0-1

[Event "Saint Louis Norm Congress-GM 2022"]
[Site "Saint Louis"]
[Date "2022.05.21"]
[Round "4.3"]
[White "Belous, Vladimir"]
[Black "Kavutskiy, Konstantin"]
[Result "1/2-1/2"]
[ECO "A26"]
[WhiteElo "2525"]
[BlackElo "2407"]
[Annotator "TA"]
[PlyCount "59"]
[EventDate "2022.05.20"]
[EventType "tourn"]
[EventCountry "USA"]
[SourceTitle "playchess.com"]
[Source "ChessBase"]
[SourceQuality "1"]
[TimeControl "5400+30"]

1. c4 g6 2. Nc3 Bg7 3. Nf3 d6 4. g3 Nf6 5. Bg2 O-O 6. O-O Nc6 7. d3 e5 8. Rb1 a5 9. a3 Re8 10. Bg5 h6 11. Bxf6 Bxf6 12. b4 axb4 13. axb4 Bg7 14. b5 Ne7 15. Qb3 c6 {[%emt 0:04:20] A26: English Opening vs King's Indian with ...Nc6 and d3.} 16. Ra1 Be6 17. Rxa8 Qxa8 18. Nd2 Qa5 {[%emt 0:09:48][%cal Od6d5] [#]} 19. Nce4 $146 ({Predecessor:} 19. Rc1 Ra8 20. Nde4 Rd8 21. Rc2 f5 22. Ra2 Qc7 23. Nd2 Rb8 24. Ra4 Bf7 25. Qa3 {½-½ (38) Kahl,F (2361)-Chumanov,V (2339) LSS email 2019}) 19... Rd8 20. bxc6 bxc6 21. Qb7 {[%emt 0:00:07] [#] Threatens to win with Nb3.} Rd7 22. Qb8+ Qd8 23. Rb1 f5 24. Nc3 e4 25. Na4 (25. Qb4 $11) 25... exd3 26. exd3 Qxb8 27. Rxb8+ Kf7 {[%emt 0:00:07] Hoping for ...Ra7.} 28. c5 dxc5 29. Nxc5 {[%emt 0:00:28] Pair of Knights!} Ra7 30. Nxe6 {[%emt 0:00:58] Weighted Error Value: White=0.08 (flawless) /Black=0.08 (flawless)} 1/2-1/2

[Event "Saint Louis Norm Congress-GM 2022"]
[Site "Saint Louis"]
[Date "2022.05.21"]
[Round "4.4"]
[White "Brodsky, David"]
[Black "Matviishen, Viktor"]
[Result "1/2-1/2"]
[ECO "C45"]
[WhiteElo "2484"]
[BlackElo "2517"]
[Annotator "TA"]
[PlyCount "116"]
[EventDate "2022.05.20"]
[EventType "tourn"]
[EventCountry "USA"]
[SourceTitle "playchess.com"]
[Source "ChessBase"]
[SourceQuality "1"]
[TimeControl "5400+30"]

1. e4 e5 2. Nf3 Nc6 3. d4 exd4 4. Nxd4 Bc5 5. Nb3 Bb6 6. Nc3 Nf6 7. Bg5 O-O {[%emt 0:00:08] C45: Scotch Game.} 8. Qe2 Nd4 (8... h6 $5 9. Be3 d5 $15) 9. Qd2 Nxb3 {[%emt 0:00:09] The position is equal.} 10. axb3 h6 11. Be3 Bxe3 12. Qxe3 Re8 13. O-O-O c6 14. Qd4 Qa5 {[%emt 0:07:57][%cal Od7d5] Prevents e5.} 15. Kb1 (15. Bd3 {keeps more tension.} Qa1+ 16. Kd2 Qa5 17. Rhe1) 15... Qb6 16. Qxb6 axb6 17. f3 b5 18. b4 {[%emt 0:01:27] [#]} b6 $146 ({Predecessor:} 18... Rd8 19. Be2 d6 20. Rd4 Kf8 21. b3 Ne8 22. Kb2 g6 23. f4 Ng7 24. Rd2 h5 {½-½ (34) Ehrbar,T (2329)-Antonov,V (2391) ICCF email 2019}) 19. g4 g5 20. Bg2 Kg7 21. Rd6 Re5 22. Ne2 Ne8 23. Rd2 {[%emt 0:00:52] White is more active.} d6 24. Ng3 Be6 (24... Re7 $11) 25. b3 $14 Rd8 26. h4 (26. Rhd1 $14) 26... Nf6 $11 27. Kb2 d5 28. Bf1 Rd7 29. exd5 Rdxd5 (29... Nxd5 {seems wilder.} 30. hxg5 hxg5 31. Rd4 Nf4) 30. Rxd5 Nxd5 31. hxg5 hxg5 32. Bd3 Nxb4 33. Be4 Kf6 34. Rh8 Ke7 35. Rb8 Nd5 36. Bf5 Kd6 (36... b4 $15 37. Rb7+ Kd8 38. Bxe6 Rxe6) 37. Bxe6 Rxe6 {[%emt 0:01:48][%mdl 4096] Endgame KRN-KRN} 38. Ne4+ $1 Ke5 {[%emt 0:01:39] Hoping for ...Kf4.} 39. Nxg5 Re7 40. Rf8 f6 41. Ne4 b4 42. Nf2 c5 43. Nd3+ Kd6 44. Kc1 Rh7 ({Better is} 44... Re3 $15) 45. Nf2 Rh2 46. Ne4+ Ke5 47. Re8+ Kf4 48. Nd2 $2 {[%emt 0:00:46][%mdl 8192] [#]} (48. Rf8 $11) 48... Rh1+ $1 $19 49. Kb2 Nc3 50. Re6 Rd1 51. Rd6 b5 52. Rd3 Re1 {[%emt 0:00:50] Threatens to win with ...Rd1.} 53. Rd6 Ke3 54. Rd3+ {[%emt 0:00:50] [#]} Ke2 $1 {[%emt 0:00:02] ( -> ...Rd1)} 55. f4 Nd1+ 56. Ka2 Nc3+ 57. Kb2 Nd1+ 58. Ka2 Nc3+ $2 {[%emt 0:00:29] Weighted Error Value: White=0.26 (precise) /Black=0.22 (precise)} ({Black should try} 58... Nf2 $19 59. Rd8 Rd1) 1/2-1/2

[Event "Saint Louis Norm Congress-GM 2022"]
[Site "Saint Louis"]
[Date "2022.05.21"]
[Round "4.5"]
[White "Repka, Christopher"]
[Black "Park, Evan"]
[Result "1-0"]
[ECO "C54"]
[WhiteElo "2524"]
[BlackElo "2431"]
[Annotator "TA"]
[PlyCount "137"]
[EventDate "2022.05.20"]
[EventType "tourn"]
[EventCountry "USA"]
[SourceTitle "playchess.com"]
[Source "ChessBase"]
[SourceQuality "1"]
[TimeControl "5400+30"]

1. e4 e5 2. Nf3 Nc6 3. Bc4 Bc5 4. c3 Nf6 5. d3 d6 6. b4 Bb6 7. Qb3 {[%emt 0:00:04] Recently 7.0-0 got a lot of attention.} O-O {[%emt 0:01:42] C54: Giuoco Piano: 4 c3 Nf6, main lines with 5 d4 and 5 d3.} 8. a4 a5 9. b5 Ne7 {[%emt 0:00:12] Black is slightly better.} 10. O-O c6 {[%emt 0:07:23] [#] Threatens to win with ...d5.} 11. Qa2 $146 (11. Nbd2 $11) ({Predecessor:} 11. bxc6 bxc6 12. Ba3 Rb8 13. Qa2 Ng6 14. Nbd2 h6 15. d4 c5 16. Rab1 Bd7 17. Bb5 {½-½ (37) Kaniak,J (1813)-Derylo,K (1860) Darlowko 2019}) 11... d5 $15 12. exd5 cxd5 13. Bb3 Bc7 ({Black should try} 13... Ng6 $17) 14. Re1 $11 Ng6 15. Bg5 $1 Be6 16. Nbd2 h6 17. Bxf6 gxf6 18. c4 $1 Nf4 19. cxd5 Nxd5 (19... Bg4 $14) 20. Ne4 Nb4 {[%emt 0:06:19] [#]} 21. Qd2 Kh7 (21... Bxb3 $2 22. Qxh6 f5 23. Nf6+ Qxf6 24. Qxf6 $18) 22. Bxe6 {[%emt 0:03:14] White is more active.} fxe6 {[%emt 0:00:03] [#]} 23. d4 $1 Bb6 24. Rad1 (24. dxe5 $6 Qxd2 25. Nfxd2 Nc2 $11) 24... exd4 25. Nxd4 $40 {[%emt 0:00:29][%mdl 128] White is out for blood.} Bxd4 26. Qxd4 Qxd4 27. Rxd4 {[%emt 0:00:04] Hoping for f3.} Kg6 {[%emt 0:06:41] This costs Black the game.} (27... Rfd8 $16 28. Rd7+ (28. Nxf6+ Kg6 $14) 28... Rxd7 29. Nxf6+ Kg7 30. Nxd7 Rc8) 28. Nd6 $18 Nc2 $2 (28... e5 29. Rg4+ Kh7 30. Nxb7 Rfb8) 29. Rg4+ Kh5 {[%emt 0:00:05] [#]} 30. h3 $1 {[%emt 0:05:37][%cal Od6e4] Intending Ne4! and mate.} f5 {[%emt 0:01:05] Prevents Ne4.} (30... Rg8 31. Rxg8) 31. Re5 Rg8 32. Rxg8 Rxg8 33. Rxe6 {[%emt 0:00:04][%mdl 4096] Endgame KRN-KRN} Nd4 34. Re3 b6 35. Rd3 Ne6 (35... Ne2+ 36. Kf1 Nf4) 36. Nc4 Nc5 (36... Nf4 $2 37. Rf3 Nxg2 38. Rg3 Rxg3 39. fxg3) 37. Rd6 Nxa4 (37... Rg6 {was worth a try.} 38. Rxb6 Rxb6 39. Nxb6 Kg5) 38. Ne5 ({Weaker is} 38. Nxb6 Nxb6 39. Rxb6 a4 $16) 38... Nc3 39. Rxb6 {[%emt 0:01:39] And now Nf7 would win.} a4 40. Nf7 Rg6 {[%emt 0:00:19] [#]} 41. Rxg6 $1 ({Worse is} 41. Ra6 Rxa6 42. g4+ (42. bxa6 Nb5 $11) 42... fxg4 43. bxa6 Nb5 44. hxg4+ Kg6 45. Ne5+ Kg5 $11) 41... Kxg6 {[%emt 0:00:09] [#] KN-KN} 42. b6 $1 a3 43. b7 a2 44. Ne5+ Kf6 45. b8=Q {[%emt 0:00:07] Threatening mate with Qd6+.} a1=Q+ {[%emt 0:00:05] KQN-KQN} 46. Kh2 {[%emt 0:00:05] White wants to mate with Qd6+.} Ne4 {[%emt 0:06:09] [#] Prevents Qd6+.} 47. Ng4+ Ke6 (47... Kf7 48. Qc7+) 48. Qc8+ Ke7 49. Qxf5 Nd2 {[%emt 0:00:18] ( -> ...Nf1+)} 50. Qh7+ (50. Qc5+ $142 Kd7 51. Qd5+ Kc8 52. Qxd2) 50... Ke8 51. Qg6+ Ke7 52. Ne3 Qe5+ 53. Qg3 Qe6 54. Qc7+ Ke8 55. Qb8+ Kf7 (55... Kd7 $142 56. Qa7+ Kc8) 56. Qf4+ Ke8 57. Ng4 Qe1 (57... h5 $142 58. Qxd2 Qe7) 58. h4 h5 59. Nf6+ Ke7 60. Nxh5 Nf1+ 61. Kh3 Qe6+ 62. g4 Qe2 63. Ng3 Nxg3 64. Kxg3 {[%emt 0:00:09] KQ-KQ. White mates.} Qd3+ 65. Qe3+ Qxe3+ 66. fxe3 Ke6 67. Kf4 Kd5 68. Kf5 Kc4 69. Ke4 {[%emt 0:00:28] Weighted Error Value: White=0.53/Black=0.52} 1-0

[Event "Saint Louis Norm Congress-GM 2022"]
[Site "Saint Louis"]
[Date "2022.05.21"]
[Round "5.1"]
[White "Park, Evan"]
[Black "Stearman, Josiah"]
[Result "1/2-1/2"]
[WhiteElo "2431"]
[BlackElo "2375"]
[Annotator "TA"]
[PlyCount "32"]
[EventDate "2022.05.20"]
[EventType "tourn"]
[EventCountry "USA"]
[SourceTitle "playchess.com"]
[Source "ChessBase"]
[SourceQuality "1"]
[TimeControl "5400+30"]

1. e4 e5 2. Nf3 Nc6 3. Bb5 Nf6 4. O-O Nxe4 5. Re1 Nd6 6. Nxe5 Be7 7. Bf1 Nf5 {[%emt 0:00:04] C67: Ruy Lopez: Berlin Defence: 4 0-0 Nxe4.} 8. Nf3 O-O 9. d4 d5 10. c3 {[%emt 0:00:51] [#] Black did not feel at home in the position after the opening.  Weighted Error Value: White=0.00 (flawless) /Black=0.05 (flawless)} {Predecessor:} Bd6 $146 11. Bd3 Re8 12. Rxe8+ Qxe8 13. Na3 a6 14. Nc2 g6 15. Bg5 Qf8 16. Qd2 f6 {½-½ (55) Svidler,P (2694)-Nakamura,H (2736) Chess.com INT 2021} 1/2-1/2

[Event "Saint Louis Norm Congress-GM 2022"]
[Site "Saint Louis"]
[Date "2022.05.21"]
[Round "5.2"]
[White "Matviishen, Viktor"]
[Black "Repka, Christopher"]
[Result "0-1"]
[ECO "D20"]
[WhiteElo "2517"]
[BlackElo "2524"]
[Annotator "TA"]
[PlyCount "98"]
[EventDate "2022.05.20"]
[EventType "tourn"]
[EventCountry "USA"]
[SourceTitle "playchess.com"]
[Source "ChessBase"]
[SourceQuality "1"]
[TimeControl "5400+30"]

1. d4 d5 2. c4 dxc4 3. e4 b5 4. a4 c6 5. axb5 cxb5 6. Nc3 {[%emt 0:00:06][%cal Bb1c3,Bc3d5,Bd5c7][%mdl 32] D20: Queen's Gambit Accepted: 3 e3 and 3 e4.} Qb6 7. Nd5 Qb7 8. Bf4 {[%emt 0:00:02] aiming for Nc7+. White is slightly better.} e5 9. Bxe5 Nd7 $1 10. Bg3 (10. Bf4 $1 $14) 10... Ngf6 $11 11. Nc7+ Kd8 {[%emt 0:00:03] [#] And now ...Bb4+ would win.} 12. Qf3 $146 {[%emt 0:45:18][%mdl 8192] This move loses the game for White.} (12. Be2 $11 {and White stays safe.} Nxe4 13. Bf3 (13. Nxa8 Bb4+ 14. Kf1 Qxa8 $14) 13... Bb4+ 14. Kf1) ({Predecessor:} 12. f3 Rb8 13. Na6 Ra8 14. Nh3 h6 15. Qd2 Ne8 16. Nf4 Qc6 17. Nb4 Bxb4 18. Qxb4 {0-1 (42) Praggnanandhaa,R (2608)-Abdumalik,Z (2472) chess24.com INT 2021}) 12... Bb4+ $19 13. Kd1 {[%emt 0:00:05] [#]} Nc5 $1 {[%emt 0:03:37][%cal Oc8g4][%mdl 512] White must now prevent ...Bg4!} 14. Be5 {[%emt 0:00:11] [#]} ({But not} 14. dxc5 {[#]} Bg4 $1 15. Kc2 Bxf3 $19) (14. Be2 Nb3) 14... Ncxe4 {[%emt 0:03:36] ...Bg4 is the strong threat.} 15. Kc2 Bg4 16. Bxf6+ gxf6 17. Qxg4 Kxc7 {[%emt 0:00:04] The board is on fire.} 18. f3 $2 (18. Be2) 18... Nd6 19. Ne2 h5 20. Qf4 Qd5 21. Qxf6 a5 22. Ng3 $2 (22. Kb1 {is tougher.}) 22... h4 23. Qe5 Qxe5 24. dxe5 hxg3 25. exd6+ Bxd6 26. h4 Rh5 {[%emt 0:00:28] Hoping for ...a4.} 27. b3 (27. Re1) 27... cxb3+ {[%emt 0:00:17] Black is clearly winning.} 28. Kxb3 a4+ 29. Ka2 Rd5 30. Rb1 b4 31. Rc1+ Kb6 {[%emt 0:00:07] ( -> ...Rd2+)} 32. Bc4 Rd2+ 33. Kb1 Be5 34. Rc2 {[%emt 0:00:05] Against Rb2+} Rxc2 35. Kxc2 {[%emt 0:00:01][%mdl 4096] Endgame KRB-KRB} b3+ 36. Kd3 Rd8+ 37. Ke3 Kc5 38. Bxf7 Rd7 39. Bg8 Kb4 40. Rb1 Re7 41. Kd3 Bf4 42. h5 Re3+ 43. Kd4 Re2 44. Rh1 Rxg2 45. Rh4 Rd2+ 46. Ke4 g2 47. Rg4 b2 48. Ba2 Ka3 49. Bb1 Rd1 {[%emt 0:00:04] Weighted Error Value: White=0.86/Black=0.14 (very precise)} 0-1

[Event "Saint Louis Norm Congress-GM 2022"]
[Site "Saint Louis"]
[Date "2022.05.21"]
[Round "5.3"]
[White "Kavutskiy, Konstantin"]
[Black "Brodsky, David"]
[Result "1/2-1/2"]
[ECO "D37"]
[WhiteElo "2407"]
[BlackElo "2484"]
[Annotator "TA"]
[PlyCount "27"]
[EventDate "2022.05.20"]
[EventType "tourn"]
[EventCountry "USA"]
[SourceTitle "playchess.com"]
[Source "ChessBase"]
[SourceQuality "1"]
[TimeControl "5400+30"]

1. d4 Nf6 2. c4 e6 3. Nf3 a6 4. Nc3 d5 5. cxd5 exd5 6. Bg5 {[%emt 0:00:08] D37: Queen's Gambit Declined: 5 Bf4.} Be6 7. e3 (7. Ne5 {seems wilder.} c5 8. e3 Nc6 9. Nxc6 bxc6 10. Be2) 7... Nbd7 8. Bd3 {[%emt 0:00:09] White has an edge.} h6 9. Bh4 g5 10. Bg3 Nh5 11. Be5 Nhf6 12. Bg3 Nh5 $1 {[%emt 0:00:06] [#]} 13. Be5 $146 ({Predecessor:} 13. Qb3 Nxg3 14. hxg3 c5 15. Qc2 Rc8 16. dxc5 Nxc5 17. Nd4 Bg7 18. O-O O-O 19. Rfe1 Qb6 20. Bh7+ Kh8 {½-½ (70) Sarana,A (2685)-Andreikin,D (2724) Chess.com INT 2022}) 13... Nhf6 14. Bg3 {[%emt 0:00:09] Weighted Error Value: White=0.11 (very precise) /Black=0.03 (flawless)} (14. Qb3 $14 {deserves consideration.}) 1/2-1/2

[Event "Saint Louis Norm Congress-GM 2022"]
[Site "Saint Louis"]
[Date "2022.05.21"]
[Round "5.4"]
[White "Schitco, Ivan"]
[Black "Belous, Vladimir"]
[Result "0-1"]
[ECO "A28"]
[WhiteElo "2484"]
[BlackElo "2525"]
[Annotator "TA"]
[PlyCount "76"]
[EventDate "2022.05.20"]
[EventType "tourn"]
[EventCountry "USA"]
[SourceTitle "playchess.com"]
[Source "ChessBase"]
[SourceQuality "1"]
[TimeControl "5400+30"]

1. c4 e5 2. Nc3 Nf6 3. Nf3 Nc6 4. e4 Bb4 5. d3 d6 6. a3 {[%emt 0:00:14] A28: English Opening: Four Knights Variation.} Bxc3+ 7. bxc3 O-O 8. g3 {[%emt 0:00:19] The position is equal.} Be6 9. Bg2 h6 10. O-O a6 11. a4 {[%emt 0:02:28] [#]} Na5 $146 ({Predecessor:} 11... Qd7 12. Nh4 g5 13. f4 Bg4 14. Nf3 Nh7 15. fxg5 hxg5 16. h3 Bxh3 17. Nxg5 Nxg5 18. Bxg5 {1-0 (44) Lu,M (2337)-Mei,A (2336) San Jose 2022}) 12. Nh4 c6 13. Rb1 d5 (13... Rb8 $11) 14. Be3 $1 $16 dxe4 (14... dxc4 $2 15. Bb6 Qd7 16. Bxa5 $18) 15. Bb6 Qd7 16. Bxa5 g5 17. Nf3 exf3 $14 18. Qxf3 Kg7 19. Rfe1 Rfe8 20. Qe3 Bh3 21. Bh1 b5 22. axb5 axb5 23. cxb5 Rxa5 (23... cxb5 $11 {keeps the balance.} 24. Bxa8 Rxa8) 24. Bxc6 $16 Qd8 25. Bxe8 Qxe8 26. b6 ({Don't play} 26. Qxe5 Qa8 27. f3 (27. Re4 Ra1 $11) 27... Ra2 $11) ({White should play} 26. g4 $1 $14 Bxg4 27. Qxe5) 26... Qc6 $36 {[%emt 0:02:18][%csl Gh3][%cal Rc6g2][%mdl 3072] Black has compensation. Black has the initiative.} 27. f3 {[%emt 0:00:05] [#]} Bc8 {[%emt 0:00:04] aiming for ...g4. Black is more active.} 28. c4 $2 {[%emt 0:03:32] [#] White does not recover from this.} (28. h3 $1 $15) 28... g4 $1 $19 29. Rf1 Bb7 30. Rf2 gxf3 {[%emt 0:03:28] Strongly threatening ...Qd7.} 31. h3 Qd7 32. c5 Qd5 {[%emt 0:00:56] And now ...Ra3 would win.} 33. Rc1 $2 (33. g4 Nd7 34. g5) 33... Ra3 34. Rd1 e4 35. Rfd2 Qh5 36. Qf4 Qxc5+ 37. d4 Qd5 {[%emt 0:00:23] ( -> ...e3)} 38. Re1 {[%emt 0:01:09] Prevents e3.} e3 {[%emt 0:00:11] Weighted Error Value: White=0.98/Black=0.11 (very precise)} 0-1

[Event "Saint Louis Norm Congress-GM 2022"]
[Site "Saint Louis"]
[Date "2022.05.21"]
[Round "5.5"]
[White "Daggupati, Balaji"]
[Black "Ruiz Castillo, Joshua Daniel"]
[Result "1/2-1/2"]
[ECO "C16"]
[WhiteElo "2486"]
[BlackElo "2473"]
[Annotator "TA"]
[PlyCount "57"]
[EventDate "2022.05.20"]
[EventType "tourn"]
[EventCountry "USA"]
[SourceTitle "playchess.com"]
[Source "ChessBase"]
[SourceQuality "1"]
[TimeControl "5400+30"]

1. e4 e6 2. d4 d5 3. Nc3 Bb4 4. e5 b6 5. Qg4 Bf8 6. Nf3 Qd7 7. Bb5 c6 {[%emt 0:00:02] C16: French: 3 Nc3 Bb4 4 e5: Lines without ...c5.} 8. Be2 Ba6 9. Bxa6 Nxa6 10. O-O c5 11. Ne2 Ne7 12. Ng3 {[%emt 0:04:22] [#]} Nb4 $146 ({Predecessor:} 12... cxd4 13. Nxd4 g6 14. Qe2 Nc7 15. Bg5 Bg7 16. Qe3 Nc6 17. Nxc6 Qxc6 18. Ne2 Qc5 19. Nd4 Nb5 20. c3 O-O 21. Rac1 Rac8 22. h4 h6 23. Bf4 h5 24. Bg5 Nxd4 {0-1 (23) Janosi,E (1849)-Rakovic,M (2213) LSS email 2010}) 13. c3 Nd3 14. dxc5 bxc5 15. c4 (15. Rd1 $14 c4 16. b3) 15... Rb8 (15... Nc6 $11) 16. Rd1 (16. Nh5 $14) 16... Nxc1 (16... Nxb2 $2 17. Rb1 $18) ({Black should try} 16... dxc4 $1 $11 17. Qxc4 Nxe5 18. Rxd7 Nxc4 19. Rxa7 Nc6) 17. Raxc1 $14 {[%emt 0:01:05] [#] And now Ne4 would win.} d4 $1 18. Ne1 Nc6 19. Nh5 Qc7 {[%emt 0:00:20] [#]} 20. f4 {[%emt 0:05:53] White is more active.} ({Of course not} 20. Nxg7+ Kd7 21. Nh5 Nxe5 $11) (20. Nd3 $1 $16) 20... g6 $11 21. Nf6+ Kd8 22. Nd3 Nb4 {[%emt 0:01:28] The position is equal.} 23. Nxb4 Rxb4 24. b3 Qb7 25. Re1 h5 26. Qh3 a5 27. Qd3 Kc7 28. Ne4 Be7 29. Nd2 {[%emt 0:00:56] Weighted Error Value: White=0.15 (very precise) /Black=0.12 (very precise)} (29. Rf1 $11) 1/2-1/2

[Event "Saint Louis Norm Congress-GM 2022"]
[Site "Saint Louis"]
[Date "2022.05.22"]
[Round "6.1"]
[White "Stearman, Josiah"]
[Black "Ruiz Castillo, Joshua Daniel"]
[Result "*"]
[ECO "E15"]
[WhiteElo "2375"]
[BlackElo "2473"]
[Annotator "TA"]
[PlyCount "47"]
[EventDate "2022.05.20"]
[EventType "tourn"]
[EventCountry "USA"]
[SourceTitle "playchess.com"]
[Source "ChessBase"]
[SourceQuality "1"]
[TimeControl "5400+30"]

1. d4 Nf6 2. c4 e6 3. Nf3 b6 4. g3 Ba6 5. b3 Bb4+ 6. Bd2 Be7 7. Bg2 O-O 8. O-O c6 9. Bc3 d5 10. Ne5 Nfd7 11. Nxd7 Nxd7 12. Nd2 f5 {[%emt 0:02:32] is now more promising than 12...Rc8.} 13. a4 Nf6 {[%emt 0:09:38] E15: Queen's Indian: 4 g3 sidelines, 4 g3 Ba6 and 4 g3 Bb7 early deviations.} 14. a5 {[%emt 0:01:18] [#]} Qd7 $146 ({Predecessor:} 14... Bd6 15. Ra2 Qe7 16. Qa1 b5 17. c5 Bc7 18. b4 Bc8 19. Nf3 Ne4 20. Ne5 Bxe5 21. dxe5 Nxc3 22. Qxc3 {½-½ (31) Mchedlishvili,M (2586)-Zhigalko,S (2675) Dubai 2015}) 15. Bb2 b5 {[%emt 0:04:34][%cal Rb5c4] The position is equal.} 16. c5 b4 $1 17. Nf3 Ne4 18. Ne5 Qb7 19. Bxe4 fxe4 20. Bc1 Rf5 21. Bf4 Raf8 (21... g5 $5 22. Bc1 Bf6 $15) 22. Qd2 Bd8 (22... g5 $5 23. Be3 Bf6 $11) 23. Ng4 (23. f3 $1 $14) 23... h5 $1 $15 24. Ne3 {[%emt 0:02:20] Weighted Error Value: White=0.14 (very precise) /Black=0.06 (flawless)} *

[Event "Saint Louis Norm Congress-GM 2022"]
[Site "Saint Louis"]
[Date "2022.05.22"]
[Round "6.2"]
[White "Belous, Vladimir"]
[Black "Daggupati, Balaji"]
[Result "1/2-1/2"]
[ECO "D20"]
[WhiteElo "2525"]
[BlackElo "2486"]
[Annotator "TA"]
[PlyCount "32"]
[EventDate "2022.05.20"]
[EventType "tourn"]
[EventCountry "USA"]
[SourceTitle "playchess.com"]
[Source "ChessBase"]
[SourceQuality "1"]
[TimeControl "5400+30"]

1. d4 d5 2. c4 dxc4 3. e4 Nc6 4. d5 Ne5 5. Bf4 Ng6 $1 6. Be3 {[%emt 0:00:11] D20: Queen's Gambit Accepted: 3 e3 and 3 e4.} Nf6 7. Nc3 e6 $1 {[%emt 0:00:06] Threatening ...exd5.} 8. Bxc4 {[%emt 0:12:36] The position is equal.} exd5 9. exd5 Bd6 10. Nf3 {[%emt 0:00:13] Prevents Nh4.} O-O 11. h3 {[%emt 0:00:08] Inhibits Ng4.} a6 {[%emt 0:02:32] [#]} 12. a4 $146 {[%emt 0:02:14] Against b5} ({Predecessor:} 12. O-O h6 13. a4 Re8 14. Re1 Bd7 15. Qb3 Qc8 16. Bf1 Nf4 17. Qc4 Ng6 18. Bd4 {1-0 (41) Belous,V (2524)-Rozum,I (2475) St Petersburg 2011}) 12... Qe7 (12... Bf5 $15) 13. Qd4 ({White should try} 13. O-O $1 $11) 13... Bd7 14. O-O c5 15. dxc6 (15. Qd1 $11) 15... Bxc6 $15 16. Nd5 Nxd5 {[%emt 0:13:34] Weighted Error Value: White=0.23 (precise) /Black=0.12 (very precise)} 1/2-1/2